Rocket vs Condors
Created - Saturday, January 25, 2025 at 22:25
Goals
|
Rocket |
1 |
1 |
1 |
3 |
Condors |
1 |
0 |
0 |
1 |
|
Shots
|
Rocket |
10 |
8 |
12 |
30 |
Condors |
12 |
11 |
8 |
31 |
|
1st period
1. Condors , Alex Belzile 9 (Steven Fogarty 26, Jack Studnicka 17) at 17:15 (PP)
2. Rocket , Michael Sgarbossa 22 (Travis Boyd 20, Anders Bjork 24) at 19:19 (PP)
Penalties :
Dean Stewart (BAK) for Hooking (Minor) at 0:09, Jayden Struble (LAV) for Holding (Minor) at 5:11, Dysin Mayo (LAV) for Holding (Minor) at 16:49, Steven Fogarty (BAK) for Hooking (Minor) at 18:53, Jack Studnicka (BAK) for Cross-checking (Minor) at 19:38
2nd period
3. Rocket , Michael Sgarbossa 23 (Phillip Di Giuseppe 24, Mackenzie MacEachern 24) at 4:30
Penalties :
Cameron Wright (BAK) for Interference (Minor) at 4:37, Joseph Duszak (BAK) for Holding (Minor) at 8:43, Anders Bjork (LAV) for High sticking (Double Minor) at 11:35, Jake Christiansen (LAV) for High sticking (Minor) at 12:18, Jayden Struble (LAV) for Hooking (Minor) at 16:25
3rd period
4. Rocket , Michael Sgarbossa 24 (Phillip Di Giuseppe 25, Jayden Struble 13) at 19:52 (Empty Net)
Penalties :
Xavier Ouellet (BAK) for Slashing (Double Minor) at 2:27, Riley Sutter (LAV) for Hooking (Minor) at 2:27, Dean Stewart (BAK) for Slashing (Minor) at 13:20, Phillip Di Giuseppe (LAV) for Roughing (Minor) at 13:20
Goalie Stats
Chris Driedger (LAV), 30 saves from 31 shots - (0.968), W, 13-15-2, 60:00 minutes
Peyton Jones (BAK), 27 saves from 29 shots - (0.931), L, 19-21-4, 59:29 minutes
Players Stats for Rocket
Player Name G A P +/- PIM S H SB GA TA FO MP PP MP PK MP
------------------------------------------------------------------------------------
Anders Bjork 0 1 1 0 4 5 1 0 0 0 0/0 17:42 5:26 1:35
Austin Strand 0 0 0 0 0 0 0 0 0 0 0/0 0:00 0:00 0:00
Brett Sutter 0 0 0 0 0 0 0 0 0 0 1/3 15:09 0:00 0:00
Brogan Rafferty 0 0 0 1 0 0 0 0 0 0 0/0 19:20 5:13 2:13
Dysin Mayo 0 0 0 1 2 0 0 1 0 0 0/0 14:16 0:00 1:16
Jake Christiansen 0 0 0 0 2 1 1 0 0 0 0/0 22:02 5:13 3:30
Jayden Struble 0 1 1 1 4 4 3 1 0 0 0/0 22:36 5:09 2:09
Josh Currie 0 0 0 0 0 0 0 0 0 0 5/10 4:12 0:00 0:00
Kevin Shattenkirk 0 0 0 1 0 2 0 2 0 0 0/0 23:41 5:09 3:37
Lucas Condotta 0 0 0 0 0 1 1 0 0 0 0/0 5:13 0:00 0:39
Mackenzie MacEachern 0 1 1 1 0 2 0 0 0 0 1/2 15:59 4:56 1:37
Matt Irwin 0 0 0 0 0 0 2 1 0 0 0/0 18:01 0:00 4:00
Michael Sgarbossa 3 0 3 2 0 5 1 0 0 0 13/21 19:21 5:26 2:49
Oskar Sundqvist 0 0 0 0 0 2 4 0 0 0 19/31 22:08 4:56 4:14
Peter Holland 0 0 0 1 0 3 3 0 0 0 9/15 15:44 0:00 0:00
Phillip Di Giuseppe 0 2 2 2 2 1 1 0 0 0 1/1 18:43 4:56 3:53
Riley Sutter 0 0 0 0 2 0 0 0 0 0 0/0 15:18 0:00 0:00
Travis Boyd 0 1 1 0 0 4 1 0 0 0 4/12 16:08 5:26 0:00
Players Stats for Condors
Player Name G A P +/- PIM S H SB GA TA FO MP PP MP PK MP
------------------------------------------------------------------------------------
Aidan Fulp 0 0 0 0 0 1 1 0 0 0 0/0 21:44 3:57 4:22
Alex Belzile 1 0 1 -2 0 4 1 0 0 0 8/16 20:09 4:10 0:00
Brendan Gaunce 0 0 0 0 0 5 3 0 0 0 9/21 18:37 3:30 2:56
Bryan Yoon 0 0 0 0 0 0 0 0 0 0 0/0 14:08 0:43 1:28
Cameron Wright 0 0 0 0 2 5 1 0 0 0 1/2 10:18 0:00 0:00
Dean Stewart 0 0 0 0 4 0 1 2 0 0 0/0 20:39 3:57 3:40
Isak Rosen 0 0 0 0 0 0 0 1 0 0 2/9 23:12 3:40 6:03
Jack Studnicka 0 1 1 -1 2 2 2 0 0 0 1/4 15:40 4:10 2:14
Jan Mysak 0 0 0 0 0 0 0 0 0 0 1/3 2:07 1:41 0:00
Joel Kiviranta 0 0 0 -1 0 3 0 0 0 0 0/0 8:37 0:00 0:32
Joseph Duszak 0 0 0 -2 2 1 1 4 0 0 0/0 23:53 3:39 4:38
Kyle Rau 0 0 0 0 0 0 0 0 0 0 2/2 11:40 0:43 0:38
Mason Jobst 0 0 0 0 0 1 1 0 0 0 1/1 14:29 3:30 0:00
Matthew Strome 0 0 0 -1 0 3 1 0 0 0 0/0 7:54 0:00 0:00
Patrik Koch 0 0 0 0 0 1 2 0 0 0 0/0 15:59 1:06 1:47
Steven Fogarty 0 1 1 0 2 5 1 0 0 0 14/29 23:12 3:45 6:33
Tristen Nielsen 0 0 0 -1 0 0 0 0 0 0 3/8 10:14 0:00 2:20
Xavier Ouellet 0 0 0 -2 4 0 2 2 0 0 0/0 23:01 3:24 4:17
3 Stars
1 - Michael Sgarbossa (LAV)
2 - Chris Driedger (LAV)
3 - Phillip Di Giuseppe (LAV)
Power Play
Rocket - 1 on 6 Attempt(s) - 16.67%
Condors - 1 on 6 Attempt(s) - 16.67%
Penalty Kill
Rocket - 5 on 6 Attempt(s) - 83.33%
- Score 0 goal in Penalty Kill
Condors - 5 on 6 Attempt(s) - 83.33%
- Score 0 goal in Penalty Kill
Team Stat
Rocket - Hits : 18 - Faceoff Wins : 53 - Blocked Shots : 5 - Penalty Minutes : 16
Condors - Hits : 17 - Faceoff Wins : 42 - Blocked Shots : 9 - Penalty Minutes : 16
Official
Referees : Brandon Blandina and Mitch Dunning
Linesman : Scott Cherrey and Travis Toomey
Game Notes
Michael Sgarbossa has scored a Hat Trick!
Michael Sgarbossa has scored in a empty net!
Finance
Level 1 -- Attendance: 1739 (86.95%) -- Ticket Income $60,865
Level 2 -- Attendance: 1000 (100.00%) -- Ticket Income $15,000
Total Attendance: 2739 (91.30%)
Total Ticket Income: $75,865
Other Income: $37,174
Total Income: $113,039
Rocket
5 vs 5 Forward
Center Left Wing Right Wing Time % Phy DF OF
1 Oskar Sundqvist Anders Bjork Travis Boyd 34 0 3 2
2 Michael Sgarbossa Phillip Di Giuseppe Mackenzie MacEachern 30 0 2 3
3 Peter Holland Brett Sutter Riley Sutter 24 1 2 2
4 Josh Currie Lucas Condotta Oskar Sundqvist 12 1 3 1
5 vs 5 Defense
Defense Defense Time % Phy DF OF
1 Kevin Shattenkirk Jayden Struble 35 1 3 1
2 Matt Irwin Jake Christiansen 30 1 3 1
3 Brogan Rafferty Dysin Mayo 25 1 3 1
4 Kevin Shattenkirk Jayden Struble 10 1 3 1
PowerPlay Forward
Center Left Wing Right Wing Time % Phy DF OF
1 Michael Sgarbossa Anders Bjork Travis Boyd 60 0 0 5
2 Oskar Sundqvist Phillip Di Giuseppe Mackenzie MacEachern 40 0 0 5
PowerPlay Defense
Defense Defense Time % Phy DF OF
1 Kevin Shattenkirk Jayden Struble 60 0 2 3
2 Brogan Rafferty Jake Christiansen 40 0 2 3
Penalty Kill 4 Players Forward
Center Wing Time % Phy DF OF
1 Oskar Sundqvist Phillip Di Giuseppe 60 1 4 0
2 Michael Sgarbossa Anders Bjork 40 1 4 0
Penalty Kill 4 Players Defense
Defense Defense Time % Phy DF OF
1 Kevin Shattenkirk Jayden Struble 60 1 4 0
2 Matt Irwin Jake Christiansen 40 1 4 0
Penalty Kill - 3 Players Forward
Forward Time % Phy DF OF
1 Oskar Sundqvist 60 1 4 0
2 Michael Sgarbossa 40 1 4 0
Penalty Kill - 3 Players Defense
Defense Defense Time % Phy DF OF
1 Kevin Shattenkirk Jayden Struble 60 1 4 0
2 Matt Irwin Jake Christiansen 40 1 4 0
4 vs 4 Forward
Center Wing Time % Phy DF OF
1 Travis Boyd Anders Bjork 60 1 3 1
2 Michael Sgarbossa Oskar Sundqvist 40 1 3 1
4 vs 4 Defense
Defense Defense Time % Phy DF OF
1 Kevin Shattenkirk Jayden Struble 60 1 3 1
2 Matt Irwin Jake Christiansen 40 1 3 1
Last Minutes Offensive
Center Left Wing Right Wing Defense Defense
Oskar Sundqvist Anders Bjork Travis Boyd Kevin Shattenkirk Jayden Struble
Last Minutes Defensive
Center Left Wing Right Wing Defense Defense
Michael Sgarbossa Phillip Di Giuseppe Oskar Sundqvist Kevin Shattenkirk Jayden Struble
Goaltenders
Starting : Chris Driedger
Backup : Antti Raanta
Extra Forwards
Normal : Peter Holland, Lucas Condotta, Brett Sutter - PP : Josh Currie, Travis Boyd - PK : Mackenzie MacEachern
Extra Defensemen
Normal : Brogan Rafferty, Dysin Mayo, Jake Christiansen - PP : Dysin Mayo - PK : Brogan Rafferty, Dysin Mayo
Penalty Shots
Jayden Struble, Anders Bjork, Kevin Shattenkirk, Jake Christiansen, Michael Sgarbossa
Custom OT Lines Forwards
Travis Boyd, Michael Sgarbossa, Phillip Di Giuseppe, Anders Bjork, Oskar Sundqvist, Mackenzie MacEachern, Peter Holland, Lucas Condotta, Brett Sutter, Josh Currie
Custom OT Lines Defensemen
Kevin Shattenkirk, Jayden Struble, Matt Irwin, Jake Christiansen, Brogan Rafferty
Scratches
Kale Kessy (Healthy), Mark Duarte (Healthy), Tyson Feist (Healthy), Sam Bitten (Healthy), Cole Bardreau (Healthy)
Mitch McLain (Healthy)
Condors
5 vs 5 Forward
Center Left Wing Right Wing Time % Phy DF OF
1 Alex Belzile Joel Kiviranta Jack Studnicka 25 1 2 2
2 Brendan Gaunce Mason Jobst Isak Rosen 25 1 2 2
3 Steven Fogarty Kyle Rau Cameron Wright 25 1 2 2
4 Tristen Nielsen Matthew Strome Alex Belzile 25 1 2 2
5 vs 5 Defense
Defense Defense Time % Phy DF OF
1 Xavier Ouellet Joseph Duszak 25 1 2 2
2 Dean Stewart Aidan Fulp 25 1 2 2
3 Patrik Koch Bryan Yoon 25 1 2 2
4 Xavier Ouellet Joseph Duszak 25 1 2 2
PowerPlay Forward
Center Left Wing Right Wing Time % Phy DF OF
1 Steven Fogarty Alex Belzile Jack Studnicka 60 1 2 2
2 Brendan Gaunce Mason Jobst Isak Rosen 40 1 2 2
PowerPlay Defense
Defense Defense Time % Phy DF OF
1 Xavier Ouellet Joseph Duszak 60 1 2 2
2 Dean Stewart Aidan Fulp 40 1 2 2
Penalty Kill 4 Players Forward
Center Wing Time % Phy DF OF
1 Isak Rosen Steven Fogarty 60 1 2 2
2 Jack Studnicka Brendan Gaunce 40 1 2 2
Penalty Kill 4 Players Defense
Defense Defense Time % Phy DF OF
1 Xavier Ouellet Joseph Duszak 60 1 2 2
2 Dean Stewart Aidan Fulp 40 1 2 2
Penalty Kill - 3 Players Forward
Forward Time % Phy DF OF
1 Jack Studnicka 60 1 2 2
2 Brendan Gaunce 40 1 2 2
Penalty Kill - 3 Players Defense
Defense Defense Time % Phy DF OF
1 Xavier Ouellet Joseph Duszak 60 1 2 2
2 Dean Stewart Aidan Fulp 40 1 2 2
4 vs 4 Forward
Center Wing Time % Phy DF OF
1 Steven Fogarty Isak Rosen 60 1 2 2
2 Jack Studnicka Brendan Gaunce 40 1 2 2
4 vs 4 Defense
Defense Defense Time % Phy DF OF
1 Xavier Ouellet Joseph Duszak 60 1 2 2
2 Dean Stewart Aidan Fulp 40 1 2 2
Last Minutes Offensive
Center Left Wing Right Wing Defense Defense
Alex Belzile Joel Kiviranta Jack Studnicka Xavier Ouellet Joseph Duszak
Last Minutes Defensive
Center Left Wing Right Wing Defense Defense
Alex Belzile Joel Kiviranta Jack Studnicka Xavier Ouellet Joseph Duszak
Goaltenders
Starting : Peyton Jones
Backup : Matt Tomkins
Extra Forwards
Normal : Jan Mysak, Steven Fogarty, Tristen Nielsen - PP : Jan Mysak, Steven Fogarty - PK : Tristen Nielsen
Extra Defensemen
Normal : Patrik Koch, Xavier Ouellet, Dean Stewart - PP : Patrik Koch - PK : Joseph Duszak, Dean Stewart
Penalty Shots
Tristen Nielsen, Steven Fogarty, Jack Studnicka, Brendan Gaunce, Isak Rosen
Custom OT Lines Forwards
Joel Kiviranta, Alex Belzile, Jack Studnicka, Brendan Gaunce, Isak Rosen, Steven Fogarty, Mason Jobst, Tristen Nielsen, Kyle Rau, Cameron Wright
Custom OT Lines Defensemen
Xavier Ouellet, Joseph Duszak, Dean Stewart, Aidan Fulp, Patrik Koch
Scratches
Austin Osmanski (Healthy), Cavan Fitzgerald (Healthy), Louis Boudon (Healthy), Casey Dornbach (Healthy), Jarid Lukosevicius (Healthy)
Alex Kannok Leipert (Healthy), Matej Pekar (Healthy), Ken Appleby (Healthy), Dustin Tokarski (Healthy)
% Time on Ice - RocketLines # - Real PCT - Wanted PCT - Time Play
Normal Forward
1 - 23% - 34% - 8:17
2 - 26% - 30% - 9:26
3 - 40% - 24% - 14:53
4 - 11% - 12% - 4:12
Normal Defense
1 - 32% - 35% - 11:42
2 - 34% - 30% - 12:35
3 - 33% - 25% - 12:19
4 - 1% - 10% - 0:12
PP Forward
1 - 52% - 60% - 5:26
2 - 48% - 40% - 4:56
PP Defense
1 - 50% - 60% - 5:09
2 - 50% - 40% - 5:13
PK Forward
1 - 64% - 60% - 4:07
2 - 36% - 40% - 2:17
PK Defense
1 - 52% - 60% - 3:19
2 - 48% - 40% - 3:05
PK3 Forward
1 - 73% - 60% - 1:27
2 - 27% - 40% - 0:32
PK3 Defense
1 - 27% - 60% - 0:32
2 - 73% - 40% - 1:27
44 Forward
1 - 70% - 60% - 2:47
2 - 30% - 40% - 1:11
44 Defense
1 - 64% - 60% - 2:32
2 - 36% - 40% - 1:26
Last Minute Offensive - 0:00
Last Minute Defensive - 0:29
Total
Forward - 60:00
Defense - 60:00
|
% Time on Ice - CondorsLines # - Real PCT - Wanted PCT - Time Play
Normal Forward
1 - 21% - 25% - 7:36
2 - 30% - 25% - 10:59
3 - 28% - 25% - 10:19
4 - 21% - 25% - 7:54
Normal Defense
1 - 21% - 25% - 7:47
2 - 30% - 25% - 10:52
3 - 33% - 25% - 12:11
4 - 16% - 25% - 5:58
PP Forward
1 - 50% - 60% - 4:10
2 - 50% - 40% - 4:13
PP Defense
1 - 53% - 60% - 4:26
2 - 47% - 40% - 3:57
PK Forward
1 - 73% - 60% - 7:37
2 - 27% - 40% - 2:45
PK Defense
1 - 65% - 60% - 6:42
2 - 35% - 40% - 3:40
PK3 Forward
1 - 0% - 60%
2 - 0% - 40%
PK3 Defense
1 - 0% - 60%
2 - 0% - 40%
44 Forward
1 - 70% - 60% - 2:46
2 - 30% - 40% - 1:12
44 Defense
1 - 42% - 60% - 1:39
2 - 58% - 40% - 2:19
Last Minute Offensive - 0:29
Last Minute Defensive - 0:00
Total
Forward - 60:00
Defense - 60:00
|
Play-by-Play
1st period
0:01 of 1st period - Oskar Sundqvist wins face-off versus Alex Belzile in neutral zone.
0:08 of 1st period - Shot by Oskar Sundqvist.
0:08 of 1st period - Stopped by Peyton Jones without a rebound.
0:09 of 1st period - Phillip Di Giuseppe wins face-off versus Brendan Gaunce in Condors zone.
0:09 of 1st period - Minor Penalty to Dean Stewart for Hooking.
0:10 of 1st period - Michael Sgarbossa wins face-off versus Isak Rosen in Condors zone.
0:15 of 1st period - Shot by Kevin Shattenkirk.
0:15 of 1st period - Stopped by Peyton Jones with a rebound.
0:17 of 1st period - Shot by Michael Sgarbossa.
0:17 of 1st period - Stopped by Peyton Jones with a rebound.
0:19 of 1st period - Shot by Jayden Struble.
0:19 of 1st period - Stopped by Peyton Jones without a rebound.
0:20 of 1st period - Jack Studnicka wins face-off versus Oskar Sundqvist in Condors zone.
1:08 of 1st period - Shot by Isak Rosen.
1:08 of 1st period - Deflect By Steven Fogarty.
1:08 of 1st period - Shot Misses the Net.
1:58 of 1st period - Shot by Mackenzie MacEachern.
1:58 of 1st period - Shot Misses the Net.
2:10 of 1st period - Jayden Struble is hit by Alex Belzile and loses puck.
2:25 of 1st period - Shot by Matthew Strome.
2:25 of 1st period - Shot Misses the Net.
2:27 of 1st period - Shot by Tristen Nielsen.
2:27 of 1st period - Shot Misses the Net.
2:29 of 1st period - Shot by Matthew Strome.
2:29 of 1st period - Stopped by Chris Driedger with a rebound.
2:31 of 1st period - Shot by Bryan Yoon.
2:31 of 1st period - Shot Blocked by Dysin Mayo.
2:33 of 1st period - Shot by Alex Belzile.
2:33 of 1st period - Stopped by Chris Driedger without a rebound.
2:34 of 1st period - Josh Currie wins face-off versus Alex Belzile in Rocket zone.
2:46 of 1st period - Jack Studnicka is hit by Matt Irwin and loses puck.
2:49 of 1st period - Shot by Alex Belzile.
2:49 of 1st period - Stopped by Chris Driedger without a rebound.
2:50 of 1st period - Mason Jobst wins face-off versus Travis Boyd in Rocket zone.
3:03 of 1st period - Shot by Travis Boyd.
3:03 of 1st period - Stopped by Peyton Jones without a rebound.
3:04 of 1st period - Peter Holland wins face-off versus Steven Fogarty in Condors zone.
3:05 of 1st period - Shot by Riley Sutter.
3:05 of 1st period - Shot Misses the Net.
3:59 of 1st period - Icing by Joseph Duszak.
4:00 of 1st period - Michael Sgarbossa wins face-off versus Steven Fogarty in Condors zone.
4:07 of 1st period - Shot by Michael Sgarbossa.
4:07 of 1st period - Shot Blocked by Xavier Ouellet.
4:10 of 1st period - Icing by Xavier Ouellet.
4:11 of 1st period - Oskar Sundqvist wins face-off versus Steven Fogarty in Condors zone.
4:37 of 1st period - Icing by Oskar Sundqvist.
4:38 of 1st period - Oskar Sundqvist wins face-off versus Brendan Gaunce in Rocket zone.
5:08 of 1st period - Icing by Oskar Sundqvist.
5:09 of 1st period - Alex Belzile wins face-off versus Travis Boyd in Rocket zone.
5:11 of 1st period - Minor Penalty to Jayden Struble for Holding.
5:12 of 1st period - Jan Mysak wins face-off versus Mackenzie MacEachern in Rocket zone.
5:30 of 1st period - Icing by Jack Studnicka.
5:31 of 1st period - Oskar Sundqvist wins face-off versus Jan Mysak in Condors zone.
5:36 of 1st period - Shot by Phillip Di Giuseppe.
5:36 of 1st period - Stopped by Peyton Jones without a rebound.
5:37 of 1st period - Brendan Gaunce wins face-off versus Oskar Sundqvist in Condors zone.
7:26 of 1st period - Shot by Peter Holland.
7:26 of 1st period - Shot Misses the Net.
7:35 of 1st period - Peter Holland is hit by Mason Jobst and loses puck.
8:20 of 1st period - Shot by Mackenzie MacEachern.
8:20 of 1st period - Shot Blocked by Joseph Duszak.
9:04 of 1st period - Shot by Anders Bjork.
9:04 of 1st period - Stopped by Peyton Jones without a rebound.
9:05 of 1st period - Kyle Rau wins face-off versus Josh Currie in Condors zone.
9:05 of 1st period - Kyle Rau is hit by Lucas Condotta.
9:11 of 1st period - Shot by Steven Fogarty.
9:11 of 1st period - Stopped by Chris Driedger without a rebound.
9:12 of 1st period - Steven Fogarty wins face-off versus Peter Holland in Rocket zone.
9:56 of 1st period - Dean Stewart is hit by Anders Bjork and loses puck.
10:23 of 1st period - Shot by Brendan Gaunce.
10:23 of 1st period - Stopped by Chris Driedger without a rebound.
10:24 of 1st period - Alex Belzile wins face-off versus Michael Sgarbossa in Rocket zone.
10:28 of 1st period - Joel Kiviranta is hit by Jayden Struble and loses puck.
10:35 of 1st period - Shot by Kevin Shattenkirk.
10:35 of 1st period - Shot Misses the Net.
11:24 of 1st period - Shot by Mason Jobst.
11:24 of 1st period - Stopped by Chris Driedger without a rebound.
11:25 of 1st period - Josh Currie wins face-off versus Tristen Nielsen in Rocket zone.
12:20 of 1st period - Shot by Peter Holland.
12:20 of 1st period - Stopped by Peyton Jones without a rebound.
12:21 of 1st period - Michael Sgarbossa wins face-off versus Brendan Gaunce in Condors zone.
12:26 of 1st period - Shot by Mackenzie MacEachern.
12:26 of 1st period - Shot Blocked by Dean Stewart.
12:28 of 1st period - Shot by Jayden Struble.
12:28 of 1st period - Shot Blocked by Dean Stewart.
12:44 of 1st period - Shot by Brendan Gaunce.
12:44 of 1st period - Deflect By Mason Jobst.
12:44 of 1st period - Shot Blocked by Kevin Shattenkirk.
12:46 of 1st period - Shot by Brendan Gaunce.
12:46 of 1st period - Shot Misses the Net.
13:13 of 1st period - Shot by Steven Fogarty.
13:13 of 1st period - Shot Blocked by Kevin Shattenkirk.
13:43 of 1st period - Riley Sutter is hit by Cameron Wright and loses puck.
14:48 of 1st period - Icing by Matt Irwin.
14:49 of 1st period - Brendan Gaunce wins face-off versus Oskar Sundqvist in Rocket zone.
15:13 of 1st period - Icing by Travis Boyd.
15:14 of 1st period - Cameron Wright wins face-off versus Oskar Sundqvist in Rocket zone.
15:19 of 1st period - Shot by Kyle Rau.
15:19 of 1st period - Shot Blocked by Matt Irwin.
15:38 of 1st period - Off-side.
15:39 of 1st period - Michael Sgarbossa wins face-off versus Brendan Gaunce in neutral zone.
15:50 of 1st period - Shot by Jayden Struble.
15:50 of 1st period - Stopped by Peyton Jones without a rebound.
15:51 of 1st period - Peter Holland wins face-off versus Brendan Gaunce in Condors zone.
16:23 of 1st period - Shot by Mason Jobst.
16:23 of 1st period - Shot Misses the Net.
16:49 of 1st period - Shot by Steven Fogarty.
16:49 of 1st period - Stopped by Chris Driedger without a rebound.
16:49 of 1st period - Minor Penalty to Dysin Mayo for Holding.
16:50 of 1st period - Steven Fogarty wins face-off versus Oskar Sundqvist in Rocket zone.
17:03 of 1st period - Shot by Steven Fogarty.
17:03 of 1st period - Stopped by Chris Driedger with a rebound.
17:05 of 1st period - Shot by Xavier Ouellet.
17:05 of 1st period - Shot Misses the Net.
17:07 of 1st period - Shot by Steven Fogarty.
17:07 of 1st period - Deflect By Alex Belzile.
17:07 of 1st period - Shot Misses the Net.
17:09 of 1st period - Shot by Joseph Duszak.
17:09 of 1st period - Stopped by Chris Driedger with a rebound.
17:11 of 1st period - Shot by Jack Studnicka.
17:11 of 1st period - Shot Misses the Net.
17:15 of 1st period - Shot by Alex Belzile.
17:15 of 1st period - Goal by Alex Belzile - Rocket : 0 - Condors : 1.
17:16 of 1st period - Tristen Nielsen wins face-off versus Michael Sgarbossa in neutral zone.
18:32 of 1st period - Icing by Mason Jobst.
18:33 of 1st period - Brendan Gaunce wins face-off versus Brett Sutter in Condors zone.
18:48 of 1st period - Shot by Brendan Gaunce.
18:48 of 1st period - Stopped by Chris Driedger without a rebound.
18:49 of 1st period - Steven Fogarty wins face-off versus Michael Sgarbossa in Rocket zone.
18:50 of 1st period - Shot by Cameron Wright.
18:50 of 1st period - Stopped by Chris Driedger without a rebound.
18:51 of 1st period - Steven Fogarty wins face-off versus Peter Holland in Rocket zone.
18:51 of 1st period - Cameron Wright is hit by Matt Irwin and loses puck.
18:53 of 1st period - Minor Penalty to Steven Fogarty for Hooking.
18:54 of 1st period - Isak Rosen wins face-off versus Michael Sgarbossa in Condors zone.
19:05 of 1st period - Shot by Anders Bjork.
19:05 of 1st period - Shot Blocked by Joseph Duszak.
19:07 of 1st period - Shot by Travis Boyd.
19:07 of 1st period - Shot Misses the Net.
19:09 of 1st period - Shot by Travis Boyd.
19:09 of 1st period - Shot Blocked by Isak Rosen.
19:11 of 1st period - Shot by Michael Sgarbossa.
19:11 of 1st period - Shot Misses the Net.
19:19 of 1st period - Shot by Michael Sgarbossa.
19:19 of 1st period - Goal by Michael Sgarbossa - Rocket : 1 - Condors : 1.
19:20 of 1st period - Oskar Sundqvist wins face-off versus Alex Belzile in neutral zone.
19:38 of 1st period - Minor Penalty to Jack Studnicka for Cross-checking.
19:39 of 1st period - Michael Sgarbossa wins face-off versus Isak Rosen in Condors zone.
19:51 of 1st period - Off-side.
19:52 of 1st period - Mackenzie MacEachern wins face-off versus Isak Rosen in neutral zone.
Goals for this period are 1 for Rocket vs 1 for Condors.
Shots for this period are 10 for Rocket vs 12 for Condors.
2nd period
0:01 of 2nd period - Michael Sgarbossa wins face-off versus Steven Fogarty in neutral zone.
0:22 of 2nd period - Shot by Jayden Struble.
0:22 of 2nd period - Stopped by Peyton Jones with a rebound.
1:02 of 2nd period - Shot by Jake Christiansen.
1:02 of 2nd period - Shot Misses the Net.
1:04 of 2nd period - Shot by Mackenzie MacEachern.
1:04 of 2nd period - Stopped by Peyton Jones without a rebound.
1:05 of 2nd period - Oskar Sundqvist wins face-off versus Isak Rosen in Condors zone.
1:22 of 2nd period - Shot by Phillip Di Giuseppe.
1:22 of 2nd period - Shot Misses the Net.
1:50 of 2nd period - Icing by Joel Kiviranta.
1:51 of 2nd period - Brett Sutter wins face-off versus Alex Belzile in Condors zone.
1:51 of 2nd period - Brett Sutter is hit by Patrik Koch.
2:04 of 2nd period - Icing by Patrik Koch.
2:05 of 2nd period - Alex Belzile wins face-off versus Oskar Sundqvist in Condors zone.
2:05 of 2nd period - Alex Belzile is hit by Oskar Sundqvist.
2:12 of 2nd period - Icing by Jack Studnicka.
2:13 of 2nd period - Peter Holland wins face-off versus Alex Belzile in Condors zone.
2:36 of 2nd period - Shot by Joel Kiviranta.
2:36 of 2nd period - Stopped by Chris Driedger with a rebound.
2:45 of 2nd period - Jayden Struble is hit by Xavier Ouellet and loses puck.
3:08 of 2nd period - Shot by Steven Fogarty.
3:08 of 2nd period - Stopped by Chris Driedger without a rebound.
3:09 of 2nd period - Oskar Sundqvist wins face-off versus Brendan Gaunce in Rocket zone.
4:22 of 2nd period - Shot by Michael Sgarbossa.
4:22 of 2nd period - Shot Blocked by Joseph Duszak.
4:24 of 2nd period - Shot by Michael Sgarbossa.
4:24 of 2nd period - Shot Misses the Net.
4:30 of 2nd period - Shot by Michael Sgarbossa.
4:30 of 2nd period - Goal by Michael Sgarbossa - Rocket : 2 - Condors : 1.
4:31 of 2nd period - Josh Currie wins face-off versus Steven Fogarty in neutral zone.
4:37 of 2nd period - Minor Penalty to Cameron Wright for Interference.
4:38 of 2nd period - Michael Sgarbossa wins face-off versus Isak Rosen in Condors zone.
4:49 of 2nd period - Shot by Jayden Struble.
4:49 of 2nd period - Stopped by Peyton Jones without a rebound.
4:50 of 2nd period - Oskar Sundqvist wins face-off versus Isak Rosen in Condors zone.
4:53 of 2nd period - Shot by Phillip Di Giuseppe.
4:53 of 2nd period - Shot Blocked by Xavier Ouellet.
4:55 of 2nd period - Shot by Brogan Rafferty.
4:55 of 2nd period - Deflect By Oskar Sundqvist.
4:55 of 2nd period - Shot Hit the Post.
5:07 of 2nd period - Shot by Mackenzie MacEachern.
5:07 of 2nd period - Shot Misses the Net.
5:09 of 2nd period - Shot by Oskar Sundqvist.
5:09 of 2nd period - Shot Misses the Net.
6:06 of 2nd period - Steven Fogarty is hit by Travis Boyd and loses puck.
7:02 of 2nd period - Icing by Dysin Mayo.
7:03 of 2nd period - Peter Holland wins face-off versus Brendan Gaunce in Rocket zone.
7:03 of 2nd period - Peter Holland is hit by Brendan Gaunce.
7:12 of 2nd period - Off-side.
7:13 of 2nd period - Josh Currie wins face-off versus Tristen Nielsen in neutral zone.
7:34 of 2nd period - Shot by Matthew Strome.
7:34 of 2nd period - Stopped by Chris Driedger without a rebound.
7:35 of 2nd period - Michael Sgarbossa wins face-off versus Brendan Gaunce in Rocket zone.
7:50 of 2nd period - Matt Irwin is hit by Brendan Gaunce.
7:51 of 2nd period - Icing by Matt Irwin.
7:52 of 2nd period - Alex Belzile wins face-off versus Michael Sgarbossa in Rocket zone.
7:59 of 2nd period - Shot by Joel Kiviranta.
7:59 of 2nd period - Stopped by Chris Driedger without a rebound.
8:00 of 2nd period - Tristen Nielsen wins face-off versus Peter Holland in Rocket zone.
8:23 of 2nd period - Peter Holland is hit by Joseph Duszak.
8:43 of 2nd period - Minor Penalty to Joseph Duszak for Holding.
8:44 of 2nd period - Michael Sgarbossa wins face-off versus Isak Rosen in Condors zone.
8:45 of 2nd period - Shot by Jake Christiansen.
8:45 of 2nd period - Stopped by Peyton Jones without a rebound.
8:46 of 2nd period - Isak Rosen wins face-off versus Michael Sgarbossa in Condors zone.
8:46 of 2nd period - Steven Fogarty is hit by Michael Sgarbossa and loses puck.
10:12 of 2nd period - Shot by Michael Sgarbossa.
10:12 of 2nd period - Shot Misses the Net.
10:14 of 2nd period - Shot by Brogan Rafferty.
10:14 of 2nd period - Deflect By Michael Sgarbossa.
10:14 of 2nd period - Shot Misses the Net.
10:26 of 2nd period - Shot by Michael Sgarbossa.
10:26 of 2nd period - Shot Misses the Net.
10:28 of 2nd period - Shot by Michael Sgarbossa.
10:28 of 2nd period - Stopped by Peyton Jones without a rebound.
10:29 of 2nd period - Oskar Sundqvist wins face-off versus Jack Studnicka in Condors zone.
10:32 of 2nd period - Shot by Kevin Shattenkirk.
10:32 of 2nd period - Stopped by Peyton Jones without a rebound.
10:33 of 2nd period - Oskar Sundqvist wins face-off versus Jack Studnicka in Condors zone.
10:55 of 2nd period - Off-side.
10:56 of 2nd period - Alex Belzile wins face-off versus Josh Currie in neutral zone.
10:59 of 2nd period - Shot by Joel Kiviranta.
10:59 of 2nd period - Stopped by Chris Driedger without a rebound.
11:00 of 2nd period - Alex Belzile wins face-off versus Peter Holland in Rocket zone.
11:31 of 2nd period - Shot by Brett Sutter.
11:31 of 2nd period - Deflect By Peter Holland.
11:31 of 2nd period - Stopped by Peyton Jones without a rebound.
11:32 of 2nd period - Steven Fogarty wins face-off versus Oskar Sundqvist in Condors zone.
11:32 of 2nd period - Steven Fogarty is hit by Oskar Sundqvist.
11:35 of 2nd period - Double Minor Penalty to Anders Bjork for High sticking.
11:36 of 2nd period - Brendan Gaunce wins face-off versus Oskar Sundqvist in Rocket zone.
11:39 of 2nd period - Shot by Brendan Gaunce.
11:39 of 2nd period - Shot Misses the Net.
11:41 of 2nd period - Shot by Brendan Gaunce.
11:41 of 2nd period - Stopped by Chris Driedger without a rebound.
11:42 of 2nd period - Brendan Gaunce wins face-off versus Oskar Sundqvist in Rocket zone.
12:04 of 2nd period - Brendan Gaunce is hit by Jayden Struble and loses puck.
12:18 of 2nd period - Minor Penalty to Jake Christiansen for High sticking.
12:19 of 2nd period - Oskar Sundqvist wins face-off versus Steven Fogarty in Rocket zone.
13:33 of 2nd period - Shot by Xavier Ouellet.
13:33 of 2nd period - Shot Misses the Net.
13:43 of 2nd period - Shot by Brendan Gaunce.
13:43 of 2nd period - Shot Misses the Net.
14:31 of 2nd period - Icing by Alex Belzile.
14:32 of 2nd period - Oskar Sundqvist wins face-off versus Steven Fogarty in Condors zone.
15:01 of 2nd period - Shot by Patrik Koch.
15:01 of 2nd period - Stopped by Chris Driedger without a rebound.
15:02 of 2nd period - Michael Sgarbossa wins face-off versus Jan Mysak in Rocket zone.
15:43 of 2nd period - Shot by Alex Belzile.
15:43 of 2nd period - Shot Misses the Net.
16:13 of 2nd period - Kyle Rau is hit by Peter Holland and loses puck.
16:20 of 2nd period - Shot by Steven Fogarty.
16:20 of 2nd period - Stopped by Chris Driedger without a rebound.
16:21 of 2nd period - Brendan Gaunce wins face-off versus Oskar Sundqvist in Rocket zone.
16:25 of 2nd period - Minor Penalty to Jayden Struble for Hooking.
16:26 of 2nd period - Oskar Sundqvist wins face-off versus Brendan Gaunce in Rocket zone.
16:32 of 2nd period - Icing by Dean Stewart.
16:33 of 2nd period - Oskar Sundqvist wins face-off versus Brendan Gaunce in Condors zone.
18:29 of 2nd period - Icing by Peter Holland.
18:30 of 2nd period - Steven Fogarty wins face-off versus Peter Holland in Rocket zone.
18:53 of 2nd period - Shot by Cameron Wright.
18:53 of 2nd period - Stopped by Chris Driedger without a rebound.
18:54 of 2nd period - Tristen Nielsen wins face-off versus Josh Currie in Rocket zone.
19:19 of 2nd period - Off-side.
19:20 of 2nd period - Peter Holland wins face-off versus Brendan Gaunce in neutral zone.
19:42 of 2nd period - Shot by Brendan Gaunce.
19:42 of 2nd period - Shot Misses the Net.
19:44 of 2nd period - Shot by Brendan Gaunce.
19:44 of 2nd period - Stopped by Chris Driedger with a rebound.
19:46 of 2nd period - Shot by Mason Jobst.
19:46 of 2nd period - Shot Misses the Net.
19:48 of 2nd period - Shot by Brendan Gaunce.
19:48 of 2nd period - Stopped by Chris Driedger without a rebound.
19:49 of 2nd period - Michael Sgarbossa wins face-off versus Steven Fogarty in Rocket zone.
Goals for this period are 1 for Rocket vs 0 for Condors.
Shots for this period are 8 for Rocket vs 11 for Condors.
3rd period
0:01 of 3rd period - Alex Belzile wins face-off versus Travis Boyd in neutral zone.
0:11 of 3rd period - Anders Bjork is hit by Jack Studnicka.
0:25 of 3rd period - Shot by Jack Studnicka.
0:25 of 3rd period - Stopped by Chris Driedger without a rebound.
0:26 of 3rd period - Michael Sgarbossa wins face-off versus Cameron Wright in Rocket zone.
1:18 of 3rd period - Shot by Alex Belzile.
1:18 of 3rd period - Stopped by Chris Driedger without a rebound.
1:19 of 3rd period - Brendan Gaunce wins face-off versus Oskar Sundqvist in Rocket zone.
2:27 of 3rd period - Double Minor Penalty to Xavier Ouellet for Slashing.
2:27 of 3rd period - Minor Penalty to Riley Sutter for Hooking.
2:28 of 3rd period - Travis Boyd wins face-off versus Steven Fogarty in Condors zone.
2:28 of 3rd period - Travis Boyd is hit by Dean Stewart.
2:37 of 3rd period - Icing by Aidan Fulp.
2:38 of 3rd period - Travis Boyd wins face-off versus Steven Fogarty in Condors zone.
2:43 of 3rd period - Shot by Anders Bjork.
2:43 of 3rd period - Stopped by Peyton Jones without a rebound.
2:44 of 3rd period - Steven Fogarty wins face-off versus Travis Boyd in Condors zone.
2:48 of 3rd period - Icing by Isak Rosen.
2:49 of 3rd period - Steven Fogarty wins face-off versus Travis Boyd in Condors zone.
2:55 of 3rd period - Off-side.
2:56 of 3rd period - Steven Fogarty wins face-off versus Travis Boyd in neutral zone.
4:00 of 3rd period - Patrik Koch is hit by Oskar Sundqvist and loses puck.
4:04 of 3rd period - Icing by Patrik Koch.
4:05 of 3rd period - Peter Holland wins face-off versus Jack Studnicka in Condors zone.
4:38 of 3rd period - Patrik Koch is hit by Phillip Di Giuseppe.
6:25 of 3rd period - Shot by Mackenzie MacEachern.
6:25 of 3rd period - Stopped by Peyton Jones with a rebound.
6:27 of 3rd period - Shot by Oskar Sundqvist.
6:27 of 3rd period - Shot Misses the Net.
7:14 of 3rd period - Icing by Josh Currie.
7:15 of 3rd period - Josh Currie wins face-off versus Alex Belzile in Rocket zone.
7:28 of 3rd period - Shot by Josh Currie.
7:28 of 3rd period - Deflect By Lucas Condotta.
7:28 of 3rd period - Stopped by Peyton Jones without a rebound.
7:29 of 3rd period - Kyle Rau wins face-off versus Michael Sgarbossa in Condors zone.
8:30 of 3rd period - Shot by Mason Jobst.
8:30 of 3rd period - Shot Hit the Post.
8:58 of 3rd period - Shot by Oskar Sundqvist.
8:58 of 3rd period - Stopped by Peyton Jones without a rebound.
8:59 of 3rd period - Peter Holland wins face-off versus Alex Belzile in Condors zone.
8:59 of 3rd period - Riley Sutter is hit by Xavier Ouellet and loses puck.
9:16 of 3rd period - Shot by Peter Holland.
9:16 of 3rd period - Stopped by Peyton Jones without a rebound.
9:17 of 3rd period - Oskar Sundqvist wins face-off versus Tristen Nielsen in Condors zone.
9:25 of 3rd period - Icing by Xavier Ouellet.
9:26 of 3rd period - Oskar Sundqvist wins face-off versus Tristen Nielsen in Condors zone.
9:31 of 3rd period - Shot by Anders Bjork.
9:31 of 3rd period - Shot Blocked by Joseph Duszak.
9:33 of 3rd period - Shot by Travis Boyd.
9:33 of 3rd period - Stopped by Peyton Jones with a rebound.
9:35 of 3rd period - Shot by Travis Boyd.
9:35 of 3rd period - Stopped by Peyton Jones without a rebound.
9:36 of 3rd period - Steven Fogarty wins face-off versus Peter Holland in Condors zone.
9:48 of 3rd period - Icing by Brogan Rafferty.
9:49 of 3rd period - Peter Holland wins face-off versus Alex Belzile in Rocket zone.
9:49 of 3rd period - Peter Holland is hit by Jack Studnicka.
11:31 of 3rd period - Shot by Kyle Rau.
11:31 of 3rd period - Deflect By Cameron Wright.
11:31 of 3rd period - Stopped by Chris Driedger with a rebound.
11:33 of 3rd period - Shot by Cameron Wright.
11:33 of 3rd period - Shot Misses the Net.
11:35 of 3rd period - Shot by Cameron Wright.
11:35 of 3rd period - Deflect By Steven Fogarty.
11:35 of 3rd period - Shot Misses the Net.
11:41 of 3rd period - Shot by Steven Fogarty.
11:41 of 3rd period - Shot Misses the Net.
11:43 of 3rd period - Shot by Steven Fogarty.
11:43 of 3rd period - Shot Misses the Net.
11:45 of 3rd period - Shot by Cameron Wright.
11:45 of 3rd period - Stopped by Chris Driedger without a rebound.
11:46 of 3rd period - Brendan Gaunce wins face-off versus Brett Sutter in Rocket zone.
11:47 of 3rd period - Shot by Isak Rosen.
11:47 of 3rd period - Shot Misses the Net.
11:59 of 3rd period - Riley Sutter is hit by Brendan Gaunce and loses puck.
12:14 of 3rd period - Isak Rosen is hit by Peter Holland.
12:17 of 3rd period - Brendan Gaunce is hit by Peter Holland and loses puck.
12:23 of 3rd period - Icing by Brendan Gaunce.
12:24 of 3rd period - Oskar Sundqvist wins face-off versus Brendan Gaunce in Condors zone.
12:24 of 3rd period - Kevin Shattenkirk is hit by Patrik Koch and loses puck.
12:31 of 3rd period - Shot by Anders Bjork.
12:31 of 3rd period - Stopped by Peyton Jones without a rebound.
12:32 of 3rd period - Steven Fogarty wins face-off versus Oskar Sundqvist in Condors zone.
12:32 of 3rd period - Steven Fogarty is hit by Oskar Sundqvist.
12:42 of 3rd period - Shot by Cameron Wright.
12:42 of 3rd period - Stopped by Chris Driedger without a rebound.
12:43 of 3rd period - Michael Sgarbossa wins face-off versus Steven Fogarty in Rocket zone.
12:43 of 3rd period - Michael Sgarbossa is hit by Steven Fogarty.
13:16 of 3rd period - Michael Sgarbossa is hit by Aidan Fulp and loses puck.
13:20 of 3rd period - Minor Penalty to Dean Stewart for Slashing.
13:20 of 3rd period - Minor Penalty to Phillip Di Giuseppe for Roughing.
13:21 of 3rd period - Travis Boyd wins face-off versus Steven Fogarty in Condors zone.
13:22 of 3rd period - Shot by Anders Bjork.
13:22 of 3rd period - Stopped by Peyton Jones without a rebound.
13:23 of 3rd period - Travis Boyd wins face-off versus Steven Fogarty in Condors zone.
13:24 of 3rd period - Shot by Anders Bjork.
13:24 of 3rd period - Stopped by Peyton Jones without a rebound.
13:25 of 3rd period - Steven Fogarty wins face-off versus Travis Boyd in Condors zone.
13:44 of 3rd period - Shot by Steven Fogarty.
13:44 of 3rd period - Deflect By Isak Rosen.
13:44 of 3rd period - Shot Misses the Net.
13:47 of 3rd period - Icing by Jayden Struble.
13:48 of 3rd period - Steven Fogarty wins face-off versus Travis Boyd in Rocket zone.
13:48 of 3rd period - Isak Rosen is hit by Jayden Struble and loses puck.
14:18 of 3rd period - Isak Rosen is hit by Jake Christiansen and loses puck.
14:59 of 3rd period - Shot by Jack Studnicka.
14:59 of 3rd period - Shot Blocked by Jayden Struble.
15:01 of 3rd period - Shot by Brendan Gaunce.
15:01 of 3rd period - Shot Misses the Net.
15:03 of 3rd period - Shot by Jack Studnicka.
15:03 of 3rd period - Stopped by Chris Driedger with a rebound.
15:48 of 3rd period - Shot by Matthew Strome.
15:48 of 3rd period - Stopped by Chris Driedger without a rebound.
15:49 of 3rd period - Steven Fogarty wins face-off versus Josh Currie in Rocket zone.
17:54 of 3rd period - Icing by Kevin Shattenkirk.
17:55 of 3rd period - Peter Holland wins face-off versus Tristen Nielsen in Rocket zone.
17:55 of 3rd period - Kevin Shattenkirk is hit by Matthew Strome and loses puck.
18:30 of 3rd period - Shot by Travis Boyd.
18:30 of 3rd period - Stopped by Peyton Jones without a rebound.
18:31 of 3rd period - Oskar Sundqvist wins face-off versus Steven Fogarty in Condors zone.
18:45 of 3rd period - Off-side.
18:46 of 3rd period - Brendan Gaunce wins face-off versus Josh Currie in neutral zone.
18:53 of 3rd period - Shot by Lucas Condotta.
18:53 of 3rd period - Shot Misses the Net.
19:21 of 3rd period - Condors, Peyton Jones is pulled from the net.
19:21 of 3rd period - Shot by Mason Jobst.
19:21 of 3rd period - Shot Misses the Net.
19:23 of 3rd period - Shot by Aidan Fulp.
19:23 of 3rd period - Stopped by Chris Driedger without a rebound.
19:24 of 3rd period - Alex Belzile wins face-off versus Michael Sgarbossa in Rocket zone.
19:29 of 3rd period - Shot by Joel Kiviranta.
19:29 of 3rd period - Shot Misses the Net.
19:50 of 3rd period - Shot by Michael Sgarbossa.
19:50 of 3rd period - Shot Misses the Net.
19:52 of 3rd period - Shot by Phillip Di Giuseppe.
19:52 of 3rd period - Deflect By Michael Sgarbossa.
19:52 of 3rd period - Goal by Michael Sgarbossa - Rocket : 3 - Condors : 1.
19:52 of 3rd period - Peyton Jones from Condors was sent back in the game.
19:53 of 3rd period - Oskar Sundqvist wins face-off versus Steven Fogarty in neutral zone.
Goals for this period are 1 for Rocket vs 0 for Condors.
Shots for this period are 12 for Rocket vs 8 for Condors.
Back to the Top